 Dungeon Crawl Stone Soup version 0.31-a0-344-gd109795599 (webtiles) character file.

Game seed: 4838577018285457799

85 garrulousMonolith the Insei (level 4, -6/43 HPs)
             Began as an Octopode Shapeshifter on July 21, 2023.
             Mangled by a gnoll
             ... wielding a +0 spear
              (10 damage)
             ... on level 2 of the Dungeon.
             The game lasted 00:01:18 (1051 turns).

garrulousMonolith the Insei (Octopode Shapeshifter) Turns: 1051, Time: 00:01:18

Health: -6/43      AC: 22    Str: 14    XL:     4   Next: 48%
Magic:  4/4        EV:  2    Int: 10    God:
Gold:   72         SH:  0    Dex: 14    Spells: 3/3 levels left

rFire   . .          .
                       - Unarmed
rCold   . . .        (no shield)
rNeg    . . .        (helmet currently unavailable)
rPois   +            (no amulet)
rElec   .            (no ring)
rCorr   .            (no ring)
SInv    .            (no ring)
Will    .....        (no ring)
Stlth   ++           (no ring)
HPRegen 0.27/turn    (no ring)
MPRegen 0.09/turn    (no ring)
                     (no ring)

%: no passive effects
@: tree-form, hasted, very quick
A: stationary, stasis, torment immunity, boosted hp, almost no armour,
(amphibious), 8 rings, (camouflage 1), (gelatinous body 1), (nimble swimmer 1),
(tentacles)
a: no special abilities


You were on level 2 of the Dungeon.
You were a tree.
You visited 1 branch of the dungeon, and saw 2 of its levels.

You collected 72 gold pieces.

Inventory:

Missiles
 i - 3 datura-tipped darts (quivered)
Talismans
 b - a beast talisman
Scrolls
 c - a scroll of amnesia {unknown}
 e - 2 scrolls of fog {unknown}
 g - a scroll of vulnerability {unknown}
 h - a scroll of identify {unknown}
Potions
 k - a potion of attraction {unknown}


   Skills:
 + Level 1.6 Fighting
 + Level 2.5 Dodging
 + Level 1.7 Stealth
 * Level 3.7 Unarmed Combat
 * Level 3.5 Shapeshifting


You had 3 spell levels left.
You didn't know any spells.
Your spell library contained the following spells:

 Spells                   Type           Power      Damage    Failure   Level
 Cause Fear               Hex            0%         N/A       98%         4
 Fireball                 Conj/Fire      0%         3d3       100%        5
 Dragon's Call            Summ           0%         N/A       100%        9


Dungeon Overview and Level Annotations

Branches:
Dungeon (2/15)

Altars:


Innate Abilities, Weirdness & Mutations

You are a tree.
Your roots penetrate the ground, keeping you stationary.
You cannot be teleported.
You are immune to unholy pain and torment.
Your maximum health is greatly increased.
You cannot wear most types of armour.
((You are amphibious.))
You can wear up to eight rings at the same time.
((Your skin changes colour to match your surroundings (Stealth+).))
((Your rubbery body absorbs attacks. (AC +1, EV +1)))
((You are camouflaged when in or above water. (Stealth+)))
((You have tentacles for arms and can constrict up to eight enemies at once.))


Message History

The gnoll is lightly wounded.
The gnoll hits you but does no damage. x2
You smack the gnoll!
You kill the gnoll!
The gnoll hits you but does no damage. x2
You have reached level 4!
You aren't carrying any items that you can evoke.
Throw: 4 darts (datura)
Press: ? - help, Q - select action Shift-Dir - straight line, f - gnoll
Aim: a gnoll, wielding a +0 spear (58% to hit, chance to frenzy on hit: 100%)
You throw a datura-tipped dart.
The datura-tipped dart barely misses the gnoll.
The datura-tipped dart hits the gnoll.
The gnoll flies into a frenzy!
The gnoll closely misses the gnoll.
The gnoll throws a throwing net.
The throwing net hits you.
You become entangled in the net!
The gnoll hits you but does no damage.
The gnoll hits the gnoll with a +0 spear!
You cannot throw/fire anything while held in a net.
Unknown command.
You tear a large gash into the net.
The gnoll hits you from afar with a +0 spear.
* * * LOW HITPOINT WARNING * * *
The gnoll closely misses the gnoll.
The gnoll hits you but does no damage.
You struggle against the net.
The gnoll hits the gnoll with a +0 spear!
The gnoll hits you but does no damage. x2
The gnoll hits the gnoll with a +0 spear!
The gnoll dies!
You rip the net and break free!
The gnoll closely misses the gnoll.
The gnoll hits you but does no damage.
It was a potion of enlightenment.
Your roots keep you in place.
The gnoll hits the gnoll with a +0 spear!
The gnoll dies!
It was a potion of magic.
Magic courses through your body. The gnoll hits you but does no damage.
It was a potion of haste.
You feel yourself speed up.
Your enlightenment fades.
The gnoll hits you but does no damage.
The gnoll hits you from afar with a +0 spear!
You die...

#####
###...##.#.
##.(........
##..g)!g.#
#....###.#
##.)♣###.#
##......#
##.######
#......#
#..###.#
#..###.#
#....#.#
#.##.#.#
#......# ###


You could see a neutral gnoll (fast, strong, insane).

Vanquished Creatures
  An adder (D:2)
  A gnoll (D:2)
  A worm (D:2)
  A dart slug (D:1)
  5 ball pythons (D:1)
  3 bats (D:1)
  4 endoplasms
  3 giant cockroaches
  5 hobgoblins
  A kobold (D:1)
  2 quokkas
  8 frilled lizards
  4 goblins (D:1)
39 creatures vanquished.

Vanquished Creatures (collateral kills)
  2 gnolls (D:2)
2 creatures vanquished.

Grand Total: 41 creatures vanquished

Notes
Turn   | Place    | Note
-------+----------+-------------------------------------------
     0 | D:1      | garrulousMonolith the Octopode Shapeshifter began the quest
                  | for the Orb.
     0 | D:1      | Reached XP level 1. HP: 13/13 MP: 1/1
   191 | D:1      | Reached XP level 2. HP: 18/18 MP: 2/2
   206 | D:1      | Reached skill level 1 in Stealth
   487 | D:1      | Reached XP level 3. HP: 23/23 MP: 3/3
  1045 | D:2      | Reached XP level 4. HP: 4/28 MP: 4/4
  1046 | D:2      | HP: 2/42 [gnoll/+0 spear (2)]
  1051 | D:2      | Mangled by a gnoll

Illustrated notes

Levels and vault maps discovered:
D:1:      minmay_arrival_four_houses, layout_basic
D:2:      layout_loops_cross, basic_altar

Skill      XL: |  1  2 |
---------------+-------+-----
Stealth        | 1 |  1.7
Fighting       | |  1.6
Dodging        | |  2.5
Unarmed Combat | |  3.7
Shapeshifting  | |  3.5

Action                     |  1- 3 |  4- 6 || total
---------------------------+-------+-------++-------
  Melee: Unarmed           |    61 |       ||    61
         Constrict         |    14 |       ||    14
         Tentacles         |     6 |       ||     6
         Punch             |     1 |       ||     1
  Throw: Dart              |       |     1 ||     1
    Use: Potion            |     1 |     3 ||     4
   Stab: Sleeping          |     9 |       ||     9
 Armour: Skin              |     8 |     7 ||    15
  Dodge: Dodged            |    20 |       ||    20

Table legend: (Time is in decaauts)
 A = Elapsed time spent in this place.
 B = Non-inter-level travel time spent in this place.
 C = Inter-level travel time spent in this place.
 D = Time resting spent in this place.
 E = Time spent auto-exploring this place.
 F = Levels seen in this place.
 G = Mean time per level.
                   A        B        C        D        E       F      G
               +--------+--------+--------+--------+--------+-----+--------+
         Total |   1047 |   1039 |      8 |      0 |    835 |   2 |  523.5 |
       Dungeon |   1047 |   1039 |      8 |      0 |    835 |   2 |  523.5 |
               +--------+--------+--------+--------+--------+-----+--------+

Top non-repeatable levels by time:
     D:1: 796 daAuts
     D:2: 250 daAuts
